 Dungeon Crawl Stone Soup version 0.26-a0-1139-g7d2dc893a1 (webtiles) character file.

Game seed: 16693561796427657465

107 runemasterragnar the Bolt Thrower (level 5, 0/32 HPs)
             Began as a Kobold Hunter on Dec 22, 2020.
             Killed from afar by an orc wizard (4 damage)
             ... with a puff of flame
             ... on level 3 of the Dungeon.
             The game lasted 00:05:46 (2569 turns).

runemasterragnar the Bolt Thrower (Kobold Hunter)   Turns: 2569, Time: 00:05:47

Health: 0/32       AC:  5    Str: 11    XL:     5   Next: 11%
Magic:  5/5        EV: 15    Int: 12    God:
Gold:   68         SH:  0    Dex: 15    Spells: 4/4 levels left

rFire    . . .     SeeInvis .   l - +0 dagger
rCold    . . .     Faith    .   (shield restricted)
rNeg     + . .     Spirit   .   c - +0 leather armour
rPois    .         Reflect  .   g - +0 helmet
rElec    .         Harm     .   (no cloak)
rCorr    .         Rampage  .   (no gloves)
Will     .....                  j - +0 pair of boots
Stlth    ++........             (no amulet)
HPRegen  0.10/turn              (no ring)
MPRegen  0.09/turn              q - ring of positive energy

@: confused, flying
A: small, nightstalker 3
a: no special abilities


You were on level 3 of the Dungeon.
You visited 1 branch of the dungeon, and saw 3 of its levels.

You collected 68 gold pieces.

Inventory:

Hand Weapons
 a - a +1 hand crossbow
 b - a +0 short sword
 l - a +0 dagger (weapon)
 n - a +0 rapier
Missiles
 d - 31 bolts
Armour
 c - a +0 leather armour (worn)
 g - a +0 helmet (worn)
 j - a +0 pair of boots (worn)
Jewellery
 q - a ring of positive energy (right hand)
Scrolls
 e - 4 scrolls of remove curse
 f - a scroll of fear {unknown}
 k - a scroll of noise {unknown}
 m - a scroll of magic mapping {unknown}
 p - a scroll of amnesia {unknown}
Potions
 h - a potion of ambrosia
 o - a potion of haste


   Skills:
 + Level 2.9 Fighting
 * Level 2.5 Short Blades
 * Level 5.5 Crossbows
 + Level 0.8 Armour
 + Level 3.1 Dodging
 + Level 2.4 Stealth


You had 4 spell levels left.
You didn't know any spells.
Your spell library was empty.

Dungeon Overview and Level Annotations

Branches:
Dungeon (3/15)

Altars:


Innate Abilities, Weirdness & Mutations

You are small and have problems with some larger weapons.
You are completely attuned to the shadows.


Message History

You barely miss the orc.
The orc is heavily wounded.
The orc hits you with a +0 morningstar. The orc wizard closely misses you.
The orc wizard points at you and mumbles some strange words.
You are confused.
The orc closely misses you. The orc misses you.
The orc wizard hits you with a +0 dagger.
The orc hits you with a +0 hand axe. The orc wizard casts a spell at you.
You are more confused.
You bump into the rock wall.
The orc hits you with a +0 hand axe. The orc hits you with a +0 morningstar!
* * * LOW HITPOINT WARNING * * *
The orc wizard misses you.
It was a potion of flight.
You feel very buoyant.
You fly up into the air.
The orc completely misses you.
The orc wizard points at you and mumbles some strange words.
The puff of flame hits you.
You die...

....#.......#
....#.......#
....#.......##.......
............##........
#...........##........
#.#<#.......##........
#.#.#.#..........$....
..#.#.#.########oo....
###.#.#....#...#@o....
#.#.####.#.#.#......
###.#.##(....#.#......
.##.#.##.....#.#......
.#...........#.#.....
.#.............#
...).....†...###
##.......)..##
#..........#


You could see an orc wizard and 2 orcs.

Vanquished Creatures
  A gnoll (D:1)
  2 adders
  A white imp (D:2)
  3 dart slugs
  4 leopard geckos
  11 bats
  2 giant cockroaches
  8 goblins
  6 hobgoblins
  2 jackals (D:1)
  A quokka (D:2)
  2 ball pythons
  5 frilled lizards
  8 kobolds
  10 rats
66 creatures vanquished.

Notes
Turn   | Place    | Note
-------+----------+-------------------------------------------
     0 | D:1      | runemasterragnar the Kobold Hunter began the quest for the
                  | Orb.
     0 | D:1      | Reached XP level 1. HP: 12/12 MP: 1/1
    31 | D:1      | Reached XP level 2. HP: 13/18 MP: 2/2
   113 | D:1      | Reached skill level 1 in Short Blades
   113 | D:1      | Reached skill level 5 in Crossbows
   192 | D:1      | Reached XP level 3. HP: 22/22 MP: 3/3
  1172 | D:2      | Reached XP level 4. HP: 18/27 MP: 4/4
  2526 | D:3      | Reached XP level 5. HP: 32/32 MP: 5/5
  2569 | D:3      | Killed from afar by an orc wizard

Illustrated notes

Levels and vault maps discovered:
D:1:      dpeg_arrival_tiny_a, layout_basic
D:2:      layout_rooms, minivault_11, st_stairs_7
D:3:      layout_basic

Skill      XL: |  1  2  3  4 |
---------------+-------------+-----
Short Blades   | 1 2 |  2.5
Crossbows      | 5 |  5.5
Stealth        | 2 |  2.4
Dodging        | 3 |  3.1
Fighting       | |  2.9
Armour         | |  0.8

Action                   |  1- 3 |  4- 6 || total
-------------------------+-------+-------++-------
Melee: Short sword       |    63 |    19 ||    82
       Rapier            |       |    25 ||    25
       Dagger            |       |    30 ||    30
 Fire: Hand crossbow     |    11 |    41 ||    52
  Use: Scroll            |     4 |       ||     4
       Potion            |     1 |     4 ||     5
 Stab: Sleeping          |    17 |     2 ||    19
Armor: Leather armour    |    13 |    17 ||    30
Dodge: Dodged            |    64 |    71 ||   135

Table legend: (Time is in decaauts)
 A = Elapsed time spent in this place.
 B = Non-inter-level travel time spent in this place.
 C = Inter-level travel time spent in this place.
 D = Time resting spent in this place.
 E = Time spent auto-exploring this place.
 F = Levels seen in this place.
 G = Mean time per level.
                   A        B        C        D        E       F      G
               +--------+--------+--------+--------+--------+-----+--------+
         Total |   2561 |   2488 |     73 |    256 |   1696 |   3 |  853.7 |
       Dungeon |   2561 |   2488 |     73 |    256 |   1696 |   3 |  853.7 |
               +--------+--------+--------+--------+--------+-----+--------+

Top non-repeatable levels by time:
     D:1: 1121 daAuts
     D:2: 964 daAuts
     D:3: 476 daAuts
